AoeStats
← tom.bombadilo

Arabia

510072164Analyzed
1v1 RM · 2d ago on Sep 29, 2026· 53m 7s· 2 players
Game mode
Random Map
Map size
Tiny (2 player)
Population
200
Speed
Normal
Resources
Standard
Victory
Conquest
Starting age
Dark Age
Ending age
Imperial Age
RankedLock teamsTeams togetherTeam positionsShared explorationLock speedFull tech treeHidden civsTurbo modeCheats
Victory
Defeat
🇺🇸 Ethiopians · United States
1182
+16
🇹🇷 Maya · Türkiye
1173
-16
MΞC
8:28 Loom
10:32 Feudal Age
13:19 Double-Bit Axe
17:08 Fletching
21:25 Castle Age
21:34 Scale Mail Armor
21:42 Padded Archer Armor
22:08 Bodkin Arrow
23:10 Gold Mining
23:15 Stone Mining
24:14 Crossbowman
24:56 Padded Archer Armor
25:53 Leather Archer Armor
28:26 Pikeman
29:23 Chain Mail Armor
32:35 Wheelbarrow
31:45 Town Watch
36:52 Forging
39:58 Imperial Age
37:36 Squires
38:13 Iron Casting
40:04 Eagle Warrior
43:06 Elite Plumed Archer
44:18 Plate Mail Armor
44:49 Blast Furnace
44:29 Horse Collar
47:34 Halberdier
tom.bombadilo
6:09 Loom
9:19 Feudal Age
10:57 Double-Bit Axe
12:05 Town Watch
14:40 Horse Collar
18:25 Fletching
22:45 Castle Age
21:55 Padded Archer Armor
23:25 Bodkin Arrow
22:51 Elite Skirmisher
24:15 Scale Barding Armor
26:23 Forging
27:16 Chain Barding Armor
29:01 Husbandry
30:27 Thumb Ring
35:02 Wheelbarrow
43:04 Imperial Age
41:00 Ballistics
41:20 Leather Archer Armor
41:45 Gold Mining
41:45 Stone Mining
42:33 Iron Casting
42:32 Bow Saw
44:18 Cavalier
45:11 Bracer
46:12 Blast Furnace
45:19 Cavalier
46:25 Masonry
47:17 Chemistry
50:59 Theocracy
50:44 Heavy Cavalry Archer
52:06 Thumb Ring
Connection lost

Rejoining the realm…

Still unreachable

The connection could not be restored.

Session expired

The server has moved on; the page needs a fresh start.